 Dungeon Crawl Stone Soup version 0.21-a0-153-g78480df (webtiles) character file.

23 4thArraOfDagon the Grasshopper (level 3, 2/28 HPs)
             Began as a Formicid Warper on July 31, 2017.
             Quit the game on level 5 of the Dungeon.
             The game lasted 00:02:15 (523 turns).

4thArraOfDagon the Grasshopper (Formicid Warper)     Turns: 523, Time: 00:02:16

Health: 2/28       AC:  3    Str: 15    XL:     3   Next: 12%
Magic:  6/6        EV: 12    Int: 18    God:
Gold:   50         SH:  0    Dex: 10    Spells: 6/6 levels left

rFire    . . .     SeeInvis +   a - +0 falchion
rCold    . . .     Gourm    .   (no shield)
rNeg     . . .     Faith    .   b - +0 leather armour
rPois    .         Spirit   .   (helmet unavailable)
rElec    .         Reflect  .   (no cloak)
rCorr    .         Harm     .   (no gloves)
MR       .....                  (no boots)
Stlth    +.........             (no amulet)
HPRegen  0.09/turn              (no ring)
MPRegen  0.10/turn              (no ring)

@: brilliant, lethally poisoned (2 -> -7)
A: permanent stasis, dig shafts and tunnels, four strong arms, antennae 3
a: Dig, Shaft Self


You were on level 5 of the Dungeon.
You were not hungry.

You visited 1 branch of the dungeon, and saw 6 of its levels.

You collected 50 gold pieces.

Inventory:

Hand Weapons
 a - a +0 falchion (weapon)
Missiles
 e - 5 tomahawks of dispersal (quivered)
 g - a throwing net
Armour
 b - a +0 leather armour (worn)
Scrolls
 d - a scroll of blinking
Books
 c - a book of Spatial Translocations

   Spells                             Type                      Level
   a - Blink                          Translocation                2
   b - Shroud of Golubria             Charms/Translocation         2
   c - Lesser Beckoning               Translocation                3
   d - Gell's Gravitas                Translocation                3
   e - Teleport Other                 Translocation                3
   f - Passage of Golubria            Translocation                4
Comestibles
 f - a bread ration


   Skills:
 + Level 2.6 Fighting
 * Level 2.6 Long Blades
 - Level 1.0 Throwing
 + Level 1.5 Armour
 + Level 2.0 Dodging
 - Level 2.1 Spellcasting
   Level 2.6 Translocations


You had 6 spell levels left.
You didn't know any spells.

Dungeon Overview and Level Annotations

Branches:
Dungeon (6/15)             Temple (0/1) D:5

Altars:
Gozag

Annotations:
D:2 Jessica
D:3 Purgy
D:5 Edmund


Innate Abilities, Weirdness & Mutations

You cannot be hasted, slowed, berserked, paralysed or teleported.
You can dig through walls and to a lower floor.
Your four strong arms can wield two-handed weapons with a shield.
You have a pair of large antennae on your head. (SInv)


Message History

The adder bites you.
* * * LOW HITPOINT WARNING * * *
The adder bites you.
* * * LOW HITPOINT WARNING * * *
You are lethally poisoned!
The adder poisons you!
* * * LOW HITPOINT WARNING * * *
You feel sick.
Unknown command.
* * * LOW HITPOINT WARNING * * *
You feel sick.
Found a staircase to the Ecumenical Temple.
Unknown command.
The adder bites you.
* * * LOW HITPOINT WARNING * * *
You are more poisoned.
The adder poisons you!
Unknown command.
Unknown command.
Are you sure you want to abandon this character and quit the game? (Confirm with "yes".)

##........ .... ..#
.......... ..>. #.#
#%........ ..... ..#
#.....?.
.......#.###...%.. ...
............ ....#. ..).
#.#.#.#.#..###..#.......
(..........##...#.#.....
....>....@###...#.#.....
##........S.#..##.....
........###.....#..#####
##....@.{.##.........#
#....##.............#
#.#..##..##.........#
..........#..........#
##.........#.#........#
.....#.......#.......>#


You could see an adder.

Vanquished Creatures
  A gnoll (D:4)
  An ooze (D:1)
  A hobgoblin (D:2)
  2 bats (D:2)
  A frilled lizard (D:3)
  2 goblins
  A kobold (D:1)
  3 rats
12 creatures vanquished.

Notes
Turn   | Place    | Note
-------+----------+-------------------------------------------
     0 | D:1      | 4thArraOfDagon the Formicid Warper began the quest for the Orb.
     0 | D:1      | Reached XP level 1. HP: 16/16 MP: 3/3
    28 | D:1      | Reached XP level 2. HP: 23/23 MP: 5/5
    69 | D:1      | You fall through a shaft!
    90 | D:3      | You fall through a shaft!
   387 | D:2      | Noticed Jessica
   425 | D:3      | Noticed Purgy
   438 | D:4      | Reached XP level 3. HP: 24/28 MP: 6/6
   449 | D:4      | Found an opulent altar of Gozag.
   472 | D:4      | You fall through a shaft for 2 floors!
   476 | D:5      | Entered Level 5 of the Dungeon
   510 | D:5      | Noticed Edmund
   521 | D:5      | Found a staircase to the Ecumenical Temple.
   523 | D:5      | Quit the game

Vault maps used:
D:1:      minmay_arrival_three_doors
D:2:      minmay_misc_feat_rows, minmay_tromino_v4_c, uniq_jessica
D:3:      first_bread, uniq_ijyb, uniq_robin, uniq_purgy
D:4:      kennysheep_little_box, serial_shops, nicolae_shop_waterfront,
          grunt_ministairs_11, kennysheep_crisscross
D:5:      minmay_temple_entry_glass, gup_sewer_entry_bubbles,
          serial_bayou_lagoon_a, led_sif_pool, uniq_edmund
D:6:      uniq_blork_the_orc

Skill      XL: |  1  2 |
---------------+-------+-----
Dodging        | 2 |  2.0
Fighting       | |  2.6
Long Blades    | |  2.6
Throwing       | |  1.0
Armour         | |  1.5
Spellcasting   | |  2.1
Translocations | |  2.6

Action                   || total
-------------------------++-------
Melee: Falchion          ||    41
 Abil: Shaft Self        ||     3
  Use: Scroll            ||     1
       Potion            ||     1
Armor: Leather armour    ||    13
Dodge: Dodged            ||    37
       Rpst.: Falchion   ||    10
